 Dungeon Crawl Stone Soup version 0.31-a0-819-gf6de2f5ab6 (webtiles) character file.

Game seed: 13091661201418556127

200 Shayle the Trooper (level 5, -1/53 HPs)
             Began as an Ogre Hexslinger on Sept 23, 2023.
             Killed by nerve-wracking pain
             ... invoked by an orc priest
              (6 damage)
             ... on level 4 of the Dungeon.
             The game lasted 00:06:20 (2277 turns).

Shayle the Trooper (Ogre Hexslinger)                Turns: 2277, Time: 00:06:21

Health: -1/53      AC:  4    Str: 18    XL:     5   Next: 79%
Magic:  9/9        EV: 15    Int: 16    God:
Gold:   85         SH:  0    Dex: 11    Spells: 9/9 levels left

rFire   . . .        r - +2 club (spect)
rCold   . . .        (no shield)
rNeg    . . .        c - +1 robe
rPois   .            (helmet restricted)
rElec   .            (no cloak)
rCorr   .            (gloves unavailable)
SInv    .            (boots unavailable)
Will    .....        (no amulet)
Stlth   +            e - +5 ring of evasion
HPRegen 0.28/turn    k - +6 ring of strength
MPRegen 0.11/turn

%: no passive effects
@: no status effects
A: large, unfitting armour, tough skin 1
a: no special abilities


You were on level 4 of the Dungeon.
You visited 1 branch of the dungeon, and saw 4 of its levels.

You collected 85 gold pieces.

Inventory:

Hand Weapons
 a - a +1 sling
 r - a +2 spectral club (weapon)
Armour
 c - a +1 robe (worn)
Jewellery
 e - a +5 ring of evasion (left hand)
 i - a +6 ring of intelligence
 k - a +6 ring of strength (right hand)
 p - a ring of positive energy
Scrolls
 f - a scroll of identify
 j - a scroll of fog
Potions
 d - a potion of attraction {unknown}
 g - 2 potions of enlightenment
 h - a potion of curing {unknown}
 l - a potion of heal wounds {unknown}
 q - a potion of ambrosia {unknown}


   Skills:
 + Level 3.4 Fighting
 - Level 1.3 Ranged Weapons
 + Level 2.7 Dodging
 + Level 2.8 Spellcasting
 - Level 2.6 Hexes
 + Level 2.2 Fire Magic
 + Level 2.3 Invocations


You had 9 spell levels left.
You didn't know any spells.
Your spell library contained the following spells:

 Spells                   Type           Power      Damage    Failure   Level
 Jinxbite                 Hex            20%        N/A       10%         2
 Sigil of Binding         Hex            10%        N/A       19%         3
 Inner Flame              Hex/Fire       10%        N/A       21%         3
 Frozen Ramparts          Ice            4%         1d1       50%         3
 Cause Fear               Hex            5%         N/A       54%         4
 Dimensional Bullseye     Hex/Tloc       3%         N/A       73%         4
 Petrify                  Tmut/Erth      2%         N/A       88%         4
 Metabolic Englaciation   Hex/Ice        3%         N/A       97%         5


Dungeon Overview and Level Annotations

Branches:
Dungeon (4/15)
 Temple: D:4-7

Altars:
Fedhas
Qazlal
Vehumet

Annotations:
D:3 2 transporters, javelincjr's ghost, amateur SpSh


Innate Abilities, Weirdness & Mutations

You are too large for most types of armour.
You have tough skin. (AC +1)


Message History

The iguana is heavily wounded.
Your +2 spectral club hits the iguana.
The iguana completely misses your +2 spectral club.
Unknown command.
You hit the iguana.
The iguana is almost dead.
Your +2 spectral club hits the iguana but does no damage.
The iguana bites your +2 spectral club but does no damage.
The iguana barely misses you.
You hit the iguana.
You kill the iguana!
Your +2 spectral club disappears.
The orc priest invokes the aid of Beogh against you.
Pain shoots through your body!
* * * LOW HITPOINT WARNING * * *
Unknown command.
The orc priest barely misses you.
You see here an iguana corpse.
You hit the orc priest but do no damage.
Your +2 spectral club hits the orc priest but does no damage.
The orc priest misses you.
Unknown command.
You hit the orc priest but do no damage.
Your +2 spectral club closely misses the orc priest.
The orc priest hits you with a +0 falchion.
* * * LOW HITPOINT WARNING * * *
The orc priest misses you.
Unknown command.
You hit the orc priest.
The orc priest is lightly wounded.
Your +2 spectral club hits the orc priest but does no damage.
The orc priest hits you with a +0 falchion!
* * * LOW HITPOINT WARNING * * *
Unknown command.
You hit the orc priest.
The orc priest is moderately wounded.
Your +2 spectral club hits the orc priest.
The orc priest calls down the wrath of Beogh upon you.
Pain shoots through your body!
You die...

###..###......#
####.#..☼.#§.○..○#
#.......°§.°.#°.###
##......#.§☼○☼#☼°#☼###
#...†..##§°.§☼☼☼§....#
...##.###..○○☼°°..○###
.#....#..°☼..§°§§○.#
#.......°☼☼○.§○.###
###..###.☼.☼.○○(@#
.<).###..○§○##☼o°##
#...........○..☼§☼#
#.....###..§°☼.oo☼S.....
.....##.###☼§§.☼.o○..#..
..†.......§.§§§☼§§§..#
....##....☼○○○§○.○○....
....####.....#..........
.....## ........S.###..


You could see an orc priest, an adder, 3 orcs and a friendly +2 spectral club.

Vanquished Creatures
  A hound (D:3)
  2 iguanas (D:4)
  Robin (D:3)
  2 adders
  3 worms
  A dart slug (D:1)
  An orc (D:4)
  6 endoplasms
  A giant cockroach (D:1)
  12 goblins
  12 hobgoblins
  8 jackals
  5 quokkas
  2 ball pythons (D:1)
  4 bats
  4 frilled lizards
  6 kobolds
  A rat (D:1)
72 creatures vanquished.

Notes
Turn   | Place    | Note
-------+----------+-------------------------------------------
     0 | D:1      | Shayle the Ogre Hexslinger began the quest for the Orb.
     0 | D:1      | Reached XP level 1. HP: 19/19 MP: 2/2
    36 | D:1      | Reached skill level 1 in Fire Magic
    99 | D:1      | Reached XP level 2. HP: 13/28 MP: 4/4
   346 | D:1      | Reached skill level 2 in Fighting
   351 | D:1      | Reached skill level 1 in Invocations
   618 | D:1      | Reached XP level 3. HP: 35/35 MP: 5/5
   860 | D:1      | Reached XP level 4. HP: 43/44 MP: 7/7
  1381 | D:3      | Found a faded altar of an unknown god.
  1498 | D:3      | Found a stormy altar of Qazlal.
  1501 | D:3      | Found a blossoming altar of Fedhas.
  1537 | D:3      | Found a radiant altar of Vehumet.
  1644 | D:3      | Found a transporter.
  1665 | D:3      | Noticed javelincjr's ghost (amateur SpSh)
  1680 | D:3      | Found a transporter.
  1684 | D:3      | Noticed Robin
  1692 | D:3      | Killed Robin
  2167 | D:4      | Reached XP level 5. HP: 52/52 MP: 8/8
  2174 | D:4      | Reached skill level 3 in Fighting
  2277 | D:4      | Killed from afar by an orc priest

Illustrated notes

Levels and vault maps discovered:
D:1:      dpeg_arrival_simpleton_c, layout_rooms, serial_bayou_pond_d,
          serial_bayou_pond_b
D:2:      layout_rooms
D:3:      layout_rooms, grunt_temple_overflow_forces_of_nature,
          lemuel_coloured_pillars_altar, gammafunk_ghost_stat_death,
          shapermc_ecumenical_altar_petra, corner_web_ring, serial_bayou_pond_b,
          uniq_robin
D:4:      layout_cave_pools, cheibriados_altar_1, minmay_temple_entry_overgrown,
          serial_shops, nicolae_shop_peninsula, uniq_pikel, uniq_sigmund

Skill      XL: |  1  2  3  4  5 |
---------------+----------------+-----
Fire Magic     | 1 2 |  2.2
Dodging        | 2 |  2.7
Fighting       | 2 3 |  3.4
Invocations    | 1 2 |  2.3
Spellcasting   | 2 |  2.8
Ranged Weapons | |  1.3
Hexes          | |  2.6

Action                     |  1- 3 |  4- 6 || total
---------------------------+-------+-------++-------
  Melee: Club              |       |    35 ||    35
   Fire: Sling             |   136 |    95 ||   231
    Use: Scroll            |       |     7 ||     7
 Armour: Robe              |    94 |    66 ||   160
  Dodge: Dodged            |    56 |    83 ||   139

Table legend: (Time is in decaauts)
 A = Elapsed time spent in this place.
 B = Non-inter-level travel time spent in this place.
 C = Inter-level travel time spent in this place.
 D = Time resting spent in this place.
 E = Time spent auto-exploring this place.
 F = Levels seen in this place.
 G = Mean time per level.
                   A        B        C        D        E       F      G
               +--------+--------+--------+--------+--------+-----+--------+
         Total |   2366 |   2272 |     94 |    347 |   1270 |   4 |  591.5 |
       Dungeon |   2366 |   2272 |     94 |    347 |   1270 |   4 |  591.5 |
               +--------+--------+--------+--------+--------+-----+--------+

Top non-repeatable levels by time:
     D:3: 848 daAuts
     D:1: 824 daAuts
     D:2: 572 daAuts
     D:4: 121 daAuts
